 Dungeon Crawl Stone Soup version 0.28.0-47-ge53b351184 (webtiles) character file.

Game seed: 4783151275393244610

102 RatsInWalls the Ruffian (level 4, 0/45 HPs)
             Began as a Troll Monk on May 10, 2022.
             Slain by a crimson imp (3 damage)
             ... summoned by Natasha
             ... on level 2 of the Dungeon.
             The game lasted 00:02:01 (965 turns).

RatsInWalls the Ruffian (Troll Monk)                 Turns: 965, Time: 00:02:01

Health: 0/45       AC:  4    Str: 21    XL:     4   Next: 50%
Magic:  3/3        EV: 10    Int:  6    God:
Gold:   96         SH:  0    Dex: 12    Spells: 3/3 levels left

rFire   . . .      SeeInvis .     - Unarmed
rCold   . . .      Faith    .   (no shield)
rNeg    . . .      Spirit   .   a - +0 robe
rPois   .          Reflect  .   (helmet restricted)
rElec   .          Harm     .   (no cloak)
rCorr   .          Rampage  .   (gloves unavailable)
Will    .....                   (boots unavailable)
Stlth   ++........              (no amulet)
HPRegen 0.95/turn               (no ring)
MPRegen 0.08/turn               (no ring)

@: brilliant, attractive, slowed, very slow
A: large, unfitting armour, claws 3, regeneration 1, shaggy fur 1, tough skin 1
a: no special abilities


You were on level 2 of the Dungeon.
You visited 1 branch of the dungeon, and saw 2 of its levels.

You collected 96 gold pieces.

Inventory:

Missiles
 c - 2 large rocks
 h - 2 boomerangs (quivered)
Armour
 a - a +0 robe (worn)
Wands
 i - a wand of paralysis (10)
Scrolls
 d - a scroll of noise {unknown}
 e - 3 scrolls of identify {unknown}
 f - a scroll of amnesia {unknown}


   Skills:
 + Level 3.0 Fighting
 + Level 3.0 Dodging
 - Level 1.1 Stealth
 * Level 4.2 Unarmed Combat


You had 3 spell levels left.
You didn't know any spells.
Your spell library was empty.

Dungeon Overview and Level Annotations

Branches:
Dungeon (2/15)

Altars:

Annotations:
D:2 Natasha


Innate Abilities, Weirdness & Mutations

You are too large for most types of armour.
You have claws for hands.
Your natural rate of healing is unusually fast.
You are covered in fur. (AC +1)
You have tough skin. (AC +1)


Message History

You scratch Natasha.
Natasha is moderately wounded.
Natasha barely misses you.
Natasha mumbles some strange words.
You closely miss Natasha.
Natasha is moderately wounded.
Natasha claws you.
You scratch Natasha but do no damage.
Natasha is moderately wounded.
Natasha claws you. The white imp gestures at you. The puff of frost hits you.
Natasha barely misses you.
You closely miss Natasha.
Natasha is moderately wounded.
The white imp hits you. The white imp freezes you. Natasha claws you.
The white imp gestures at you. The puff of frost hits you.
* * * LOW HITPOINT WARNING * * *
You are too injured to fight recklessly!
You are too injured to fight recklessly!
Unknown command.
Natasha barely misses you.
You see here a +0 dagger.
You barely miss Natasha.
Natasha is moderately wounded.
Natasha closely misses you. Natasha casts a spell at you.
The magic dart hits you!
* * * LOW HITPOINT WARNING * * *
Unknown command.
It was a potion of attraction.
You feel attractive to monsters.
Natasha casts a spell.
The crimson imp is attracted toward you.
It was a potion of brilliance.
You feel clever all of a sudden. Natasha claws you.
* * * LOW HITPOINT WARNING * * *
The crimson imp hits you.
You die...

#...#.# ## #.....# #.
### #.....#####. #...
##........... #..#
#....#..#####
#..#####....##.# ##.
#5.5##.....##.###..
#####h.§.....##.††..#
#...@5.####......####
#..####.#..........##.
# ....##........#.
#.####........... #.
#........... #.
#........... #.
#...........
#........... ##


You could see Natasha, a crimson imp (summoned) and a white imp (summoned).

Vanquished Creatures
  Terence (D:2)
  2 gnolls (D:1)
  3 worms (D:2)
  2 dart slugs (D:1)
  5 endoplasms
  2 giant cockroaches
  6 goblins
  6 hobgoblins
  A quokka (D:1)
  5 ball pythons
  3 bats
  A frilled lizard (D:2)
  3 kobolds (D:1)
  5 rats
45 creatures vanquished.

Notes
Turn   | Place    | Note
-------+----------+-------------------------------------------
     0 | D:1      | RatsInWalls the Troll Monk began the quest for the Orb.
     0 | D:1      | Reached XP level 1. HP: 22/22 MP: 0/0
     9 | D:1      | Reached XP level 2. HP: 29/29 MP: 1/1
   230 | D:1      | Reached XP level 3. HP: 30/36 MP: 2/2
   673 | D:1      | Found a faded altar of an unknown god.
   795 | D:2      | Noticed Terence
   807 | D:2      | Killed Terence
   808 | D:2      | Reached skill level 4 in Unarmed Combat
   808 | D:2      | Reached XP level 4. HP: 26/44 MP: 3/3
   953 | D:2      | Noticed Natasha
   965 | D:2      | Slain by a crimson imp

Illustrated notes

Levels and vault maps discovered:
D:1:      sevenhm_arrival_forest_fort_small_6, layout_basic,
          dreamdust_ecumenical_altar_angels_and_demons,
          minmay_misc_feat_four_crosses, feat_on_display
D:2:      layout_rooms, minmay_misc_feat_alley, uniq_natasha, uniq_terence,
          uniq_jessica

Skill      XL: |  1  2  3  4 |
---------------+-------------+-----
Unarmed Combat | 4 |  4.2
Fighting       | 3 |  3.0
Dodging        | 3 |  3.0
Stealth        | |  1.1

Action                   |  1- 3 |  4- 6 || total
-------------------------+-------+-------++-------
Melee: Unarmed           |    76 |    49 ||   125
  Use: Potion            |       |     2 ||     2
 Stab: Sleeping          |     4 |       ||     4
Armor: Robe              |    16 |    11 ||    27
Dodge: Dodged            |    25 |    28 ||    53
